 Dungeon Crawl Stone Soup version 0.26.0-11-g8f856b5395 (webtiles) character file.

Game seed: 12874538513842158081

571 Destapler the Shield-Bearer (level 7, -24/62 HPs)
             Began as a Deep Dwarf Fighter on Jan 15, 2021.
             Annihilated by an ogre
             ... wielding a +0 giant spiked club
              (26 damage)
             ... on level 4 of the Dungeon on Jan 16, 2021.
             The game lasted 00:11:18 (2649 turns).

Destapler the Shield-Bearer (Deep Dwarf Fighter)    Turns: 2649, Time: 00:11:18

Health: -24/62     AC: 12    Str: 21    XL:     7   Next: 11%
Magic:  7/7        EV:  8    Int:  9    God:
Gold:   47         SH: 16    Dex: 12    Spells: 6/6 levels left

rFire    . . .     SeeInvis .   a - +1 war axe
rCold    . . .     Faith    .   c - +1 kite shield
rNeg     . . .     Spirit   .   b - +0 scale mail
rPois    .         Reflect  +   r - +0 helmet
rElec    .         Harm     .   (no cloak)
rCorr    .         Rampage  .   (no gloves)
Will     +....                  (no boots)
Stlth    +.........             s - amulet of reflection
HPRegen  0.00/turn              (no ring)
MPRegen  0.10/turn              (no ring)

@: non-regenerating
A: damage resistance, heal wounds, molten scales 1, thin metallic scales 1,
sense surroundings 2, no regeneration
a: Heal Wounds


You were on level 4 of the Dungeon.
You visited 1 branch of the dungeon, and saw 4 of its levels.

You collected 156 gold pieces.
You spent 109 gold pieces at shops.

Inventory:

Hand Weapons
 a - a +1 war axe (weapon)
Missiles
 k - 5 javelins
 o - 40 poisoned darts
 u - 4 atropa-tipped darts
 x - 3 boomerangs
Armour
 b - a +0 scale mail (worn)
 c - a +1 kite shield (worn)
 r - a +0 helmet (worn)
Jewellery
 s - an amulet of reflection (around neck)
Scrolls
 f - a scroll of enchant weapon
 g - a scroll of identify
 i - 4 scrolls of teleportation
 j - a scroll of remove curse
 p - a scroll of amnesia
 q - 3 scrolls of fog
Potions
 l - a potion of degeneration
 t - 2 potions of heal wounds {unknown}
 v - 2 potions of magic
 w - a potion of brilliance {unknown}
 z - a potion of attraction
 A - a potion of lignification {unknown}


   Skills:
 + Level 3.4 Fighting
 + Level 3.5 Axes
 + Level 1.6 Throwing
 + Level 4.2 Armour
 + Level 2.2 Dodging
 + Level 2.7 Stealth
 + Level 4.4 Shields
 * Level 3.9 Invocations
 + Level 2.5 Evocations


You had 6 spell levels left.
You didn't know any spells.
Your spell library was empty.

Dungeon Overview and Level Annotations

Branches:
Dungeon (4/15)
 Temple: D:4-7

Altars:
Dithmenos
Sif Muna

Shops:
D:4 *

Annotations:
D:4 Pikel


Innate Abilities, Weirdness & Mutations

You are resistant to damage.
You can heal yourself by infusing magical energy.
You passively map the area around you.
You do not regenerate.
You are partially covered in molten scales. (AC +2)
You are partially covered in thin metallic scales. (AC +2)


Message History

The lemure moves out of view.
Pikel the Slaver comes into view.
He is wielding a +0 whip of electrocution.
You are no longer poisoned.
Pikel shouts!
You hear a shout! 2 lemures come into view.
The lemure shouts!
Pikel hits you but does no damage.
A lemure comes into view.
It was a potion of mutation.
You feel extremely strange.
Thin metallic scales grow over part of your body.
Molten scales grow over part of your body.
Your attunement to dungeon structure grows.
The lemure shouts!
Pikel hits you but does no damage.
You are electrocuted!
* * * LOW HITPOINT WARNING * * *
You block the ogre's attack.
You feel better. Pikel hits you but does no damage.
You are electrocuted!!
* * * LOW HITPOINT WARNING * * *
The ogre hits you with a +0 giant spiked club!!
You die...

,,,,,**##.....#..#.#.###.###*****
,***** #.....#.............,,,,,
,* #.....#..#.#.###.##******
,*******#####.#....#.# *,*
,**,,,,,,,,,#.#....#.# *,*
,***,******,#.####.#.# *,* ,,,,,*
*,*,,,,..#.# *,*####### ******
##.########.# *,,.......
#.5555K@O...# ******#.8.
############# #### # #


You could see Pikel, an ogre and 4 lemures.

Vanquished Creatures
  Sigmund (D:3)
  The ghost of scienide the Cutter, an amateur SpGl of Vehumet (D:3)
  A bullfrog (D:3)
  2 worker ants
  3 adders
  4 gnolls (D:3)
  2 worms (D:2)
  4 dart slugs
  3 leopard geckos
  5 orcs
  A ball python (D:3)
  3 bats
  5 giant cockroaches
  7 goblins
  9 hobgoblins
  3 jackals
  6 kobolds
  A frilled lizard (D:4)
  A giant cockroach zombie (D:2)
  9 rats
71 creatures vanquished.

Notes
Turn   | Place    | Note
-------+----------+-------------------------------------------
     0 | D:1      | Destapler the Deep Dwarf Fighter began the quest for the
                  | Orb.
     0 | D:1      | Reached XP level 1. HP: 20/20 MP: 1/1
    62 | D:1      | Reached XP level 2. HP: 24/27 MP: 2/2
   499 | D:2      | Reached XP level 3. HP: 27/33 MP: 3/3
   636 | D:2      | Reached skill level 1 in Invocations
   815 | D:2      | Found a faded altar of an unknown god.
   896 | D:2      | Reached skill level 1 in Stealth
   920 | D:2      | Reached XP level 4. HP: 28/42 MP: 5/5
  1598 | D:3      | Reached skill level 1 in Dodging
  1661 | D:3      | Reached skill level 1 in Evocations
  1680 | D:3      | Found a shimmering blue altar of Sif Muna.
  1871 | D:3      | Noticed Sigmund
  1883 | D:3      | Killed Sigmund
  1884 | D:3      | Reached skill level 1 in Throwing
  1884 | D:3      | Reached XP level 5. HP: 19/49 MP: 5/7
  1884 | D:3      | Reached XP level 6. HP: 21/56 MP: 5/8
  1923 | D:3      | Found a runed translucent door.
  2193 | D:3      | Noticed scienide's ghost (amateur SpGl)
  2241 | D:3      | Killed scienide's ghost
  2242 | D:3      | Reached XP level 7. HP: 56/62 MP: 7/7
  2287 | D:4      | Found Ibabitz's Assorted Antiques.
  2292 | D:4      | Bought a scroll labelled LUTOHI CAHUOMICH for 28 gold
                  | pieces
  2292 | D:4      | Bought 2 scrolls labelled NANTORPHOSSO for 56 gold pieces
  2292 | D:4      | Bought a bubbling black potion for 25 gold pieces
  2294 | D:4      | Found a shadowy altar of Dithmenos.
  2644 | D:4      | Noticed Pikel
  2648 | D:4      | Gained mutation: You are partially covered in thin metallic
                  | scales. (AC +2) [potion of mutation]
  2648 | D:4      | Gained mutation: You are partially covered in molten
                  | scales. (AC +2) [potion of mutation]
  2648 | D:4      | Gained mutation: You passively map the area around you.
                  | [potion of mutation]
  2649 | D:4      | HP: 2/62 [Pikel/+0 whip of electrocution (16)]
  2649 | D:4      | Annihilated by an ogre

Illustrated notes

Levels and vault maps discovered:
D:1:      minmay_arrival_diagonal_passages, layout_rooms
D:2:      layout_basic, chequers_ecumenical_altar_island
D:3:      layout_loops_corners, lemuel_coloured_pillars_altar,
          ebering_ghost_sewer_d, uniq_sigmund
D:4:      layout_basic, serial_shops, shop_statue,
          hangedman_abyss_or_decor_passed, nicolae_dithmenos_shadow_blocks,
          uniq_pikel

Skill      XL: |  1  2  3  4  5  6 |
---------------+-------------------+-----
Invocations    | 1 3 |  3.9
Fighting       | 3 |  3.4
Stealth        | 1 2 |  2.7
Dodging        | 1 2 |  2.2
Evocations     | 1 2 |  2.5
Axes           | 3 |  3.5
Throwing       | 1 |  1.6
Shields        | 4 |  4.4
Armour         | 4 |  4.2

Action                   |  1- 3 |  4- 6 |  7- 9 || total
-------------------------+-------+-------+-------++-------
Melee: War axe           |   121 |    90 |    30 ||   241
Throw: Dart              |     7 |     3 |       ||    10
       Javelin           |       |    10 |       ||    10
 Abil: Heal Wounds       |     1 |     2 |       ||     3
  Use: Potion            |       |     4 |     2 ||     6
       Scroll            |       |       |    11 ||    11
Armor: Scale mail        |    44 |    11 |    35 ||    90
Dodge: Dodged            |    36 |    26 |    24 ||    86
Block: Kite shield       |    61 |    80 |    65 ||   206
       Reflection        |       |     2 |       ||     2
